 Dungeon Crawl Stone Soup version 0.29.1-15-g9cfb28693d (webtiles) character file.

Game seed: 11993937193775542302

86 SuperSeabass the Cudgeller (level 4, -2/28 HPs)
             Began as a Gargoyle Monk on Mar 26, 2023.
             Splashed by a jelly's acid (5 damage)
             ... on level 3 of the Dungeon.
             The game lasted 00:08:34 (3494 turns).

SuperSeabass the Cudgeller (Gargoyle Monk)          Turns: 3494, Time: 00:08:35

Health: -2/28      AC:  3    Str: 16    XL:     4   Next: 49%
Magic:  4/4        EV: 12    Int: 11    God:
Gold:   110        SH:  0    Dex: 12    Spells: 3/3 levels left

rFire   . . .      SeeInvis .   a - +0 mace
rCold   . . .      Faith    .   (no shield)
rNeg    + . .      Spirit   .   e - +3 leather armour
rPois   ∞          Reflect  .   (no helmet)
rElec   +          Harm     .   o - +0 cloak
rCorr   .          Rampage  .   w - +0 pair of gloves
Will    .....                   (no boots)
Stlth   ++........              f - amulet of magic regeneration
HPRegen 0.09/turn               (no ring)
MPRegen 0.49/turn               (no ring)

@: corroded
A: sickness immunity, AC +3, negative energy resistance 1, electricity
resistance, torment resistance 1, petrification resistance
a: no special abilities


You were on level 3 of the Dungeon.
You visited 1 branch of the dungeon, and saw 4 of its levels.

You collected 168 gold pieces.
You spent 58 gold pieces at shops.

Inventory:

Hand Weapons
 a - a +0 mace (weapon)
 b - a +0 sling
Missiles
 g - 8 stones (quivered)
 r - 4 poisoned darts
 v - 4 datura-tipped darts
 U - 3 curare-tipped darts
Armour
 d - a +0 chain mail
 e - a +3 leather armour (worn)
 o - a +0 cloak (worn)
 w - a +0 pair of gloves (worn)
Jewellery
 f - an amulet of magic regeneration (around neck)
Wands
 m - a wand of mindburst (1)
Scrolls
 i - a scroll of teleportation
 l - a scroll of silence {unknown}
 n - 2 scrolls of poison
 q - 2 scrolls of fog {unknown}
 t - a scroll of enchant armour {unknown}
Potions
 c - a potion of ambrosia
 h - 4 potions of heal wounds
 j - a potion of haste {unknown}
 k - a potion of mutation {unknown}
 p - 2 potions of curing {unknown}
 s - 2 potions of cancellation
 u - 2 potions of flight {unknown}


   Skills:
 - Level 3.2 Fighting
 + Level 5.1 Maces & Flails
 - Level 2.4 Dodging
 - Level 2.1 Stealth


You had 3 spell levels left.
You didn't know any spells.
Your spell library contained the following spells:

 Spells                   Type           Power      Damage    Failure   Level
 Tukima's Dance           Hex            0%         N/A       78%         3
 Passage of Golubria      Tloc           0%         N/A       99%         4
 Yara's Violent Unravell  Hex/Tmut       0%         3d3       100%        5


Dungeon Overview and Level Annotations

Branches:
Dungeon (4/15)
 Temple: D:4-7

Altars:
Qazlal

Shops:
D:1 [

Annotations:
D:3 exclusion: sky beast


Innate Abilities, Weirdness & Mutations

You are immune to sickness and miasma.
Your stone body is resilient. (AC +3)
You are immune to poison.
You resist negative energy. (rN+)
You are resistant to electric shocks. (rElec)
You are resistant to unholy torment.
You are immune to petrification.


Message History

t - a +0 sling Adjust to which letter? (? for menu, Esc to quit)
b - a +0 sling;
t - a scroll labelled MUQEHI CEXOYPS
Press: ? - help, v - describe, . - travel
Here: a jelly The floor.
Okay, then.
Aiming: Mindburst
Press: ? - help, Shift-Dir - straight line, f - you
Okay, then.
Unknown command.
b - a +0 sling (weapon)
You shoot a sling bullet. The sling bullet hits the jelly.
The jelly is lightly wounded.
You shoot a sling bullet. The sling bullet hits the jelly.
The jelly is lightly wounded.
a - a +0 mace (weapon)
You hit the jelly. The acid corrodes you!
Your hands burn!
The jelly is moderately wounded.
The jelly barely misses you.
You sock the jelly!
Your hands burn!
The jelly is severely wounded.
The jelly barely misses you. The jelly hits you but does no damage.
You are too injured to fight recklessly!
You are too injured to fight recklessly!
You barely miss the jelly.
The jelly is severely wounded.
The jelly hits you but does no damage.
You hit the jelly but do no damage.
Your hands burn!
The jelly is severely wounded.
The jelly hits you but does no damage.
You hit the jelly.
Your hands burn!
The jelly is almost dead.
The jelly hits you but does no damage.
You hit the jelly but do no damage.
Your hands burn!
The jelly is almost dead.
The jelly hits you.
You are splashed with acid.
* * * LOW HITPOINT WARNING * * *
You hit the jelly. The acid corrodes you!
Your hands burn!
You die...

#.#########################
#..........................
#.######################### #.#
#.# #.#########################
##..........................
#...############......######
#...# #.@................ #...#
#J#####......###### #...# ...
#......#..... #...# ###.
#......#..... #.... #.
#......#..... ##.#.
#..####......###### .. .
.........##### #
######################.# #
......†................##########


You could see a jelly.

Vanquished Creatures
  2 adders (D:3)
  3 worms (D:2)
  2 endoplasms
  3 giant cockroaches (D:3)
  9 goblins
  9 hobgoblins
  2 jackals (D:3)
  2 kobolds (D:1)
  2 quokkas
  7 ball pythons
  3 bats
  5 frilled lizards
  6 rats
55 creatures vanquished.

Notes
Turn   | Place    | Note
-------+----------+-------------------------------------------
     0 | D:1      | SuperSeabass the Gargoyle Monk began the quest for the Orb.
     0 | D:1      | Reached XP level 1. HP: 14/14 MP: 1/1
   350 | D:1      | Reached XP level 2. HP: 17/19 MP: 2/2
   368 | D:1      | Found Zidokob's Armour Shop.
   528 | D:1      | Found a faded altar of an unknown god.
   909 | D:1      | Bought a +0 cloak for 58 gold pieces
  1032 | D:2      | Reached skill level 4 in Maces & Flails
  1145 | D:2      | Reached XP level 3. HP: 14/23 MP: 3/3
  2303 | D:3      | Noticed a sky beast
  2305 | D:3      | Noticed a water elemental
  2307 | D:3      | Found a stormy altar of Qazlal.
  2309 | D:3      | Noticed an air elemental
  2309 | D:3      | Noticed a fire elemental
  2309 | D:3      | Noticed an earth elemental
  2478 | D:3      | Reached XP level 4. HP: 21/28 MP: 4/4
  2737 | D:3      | Reached skill level 5 in Maces & Flails
  3177 | D:3      | Noticed a black bear
  3494 | D:3      | Splashed by a jelly's acid

Illustrated notes

Levels and vault maps discovered:
D:1:      tarquinn_simple_flora_water_b, layout_basic, serial_shops, shop,
          ebering_ecumenical_altar_mist, kennysheep_flooded_box
D:2:      layout_loops_corners
D:3:      layout_basic, nicolae_qazlal_style_of_elements, serial_shops,
          nicolae_square_shop, minmay_misc_feat_iff
D:4:      layout_layer_cave, minmay_temple_entry_tees, uniq_blork_the_orc

Skill      XL: |  1  2  3  4 |
---------------+-------------+-----
Maces & Flails | 4 5 |  5.1
Fighting       | |  3.2
Dodging        | |  2.4
Stealth        | |  2.1

Action                   |  1- 3 |  4- 6 || total
-------------------------+-------+-------++-------
Melee: Mace              |   136 |    64 ||   200
       Punch             |     2 |       ||     2
 Fire: Sling             |       |     2 ||     2
Throw: Stone             |     8 |    13 ||    21
  Use: Scroll            |       |     4 ||     4
 Stab: Sleeping          |     6 |       ||     6
Armor: Leather armour    |    59 |    23 ||    82
Dodge: Dodged            |    90 |    37 ||   127
